cohdb
Replays
Latest Replays
All Replays
Popular Replays
Top Player Replays
Match Explorer
How It Works
Community
CoH3 Stats
Reddit
Sign in to upload your games and track your stats! →
Sign in with Steam
Match 40884175
Unlisted
Match 40884175
Overview
Messages
Build Orders
End
Construct Weapon Support Center
M1919 Machine Gun Team
Selects Heavy Weapons
Bazooka Squad
M1919 Machine Gun Team
Infantry Support Center
Bazooka Squad
Bazooka Squad
Improved M9 Bazooka Rockets
Selects M2HB .50cal Heavy Machine Gun
M3 Armored Personnel Carrier
M1919 Machine Gun Team
M3 Armored Personnel Carrier
minaamiel3
Waffles
AlezZZz
HUH??
Para_Dilshan
ANJISUAN
嘉心糖立大功
sleptscov_n_a
0
0
Comments
sign in to comment!
No comments posted yet!